 Dungeon Crawl Stone Soup version 0.32-a0-640-gc5db3fc80f (webtiles) character file.

Game seed: 11836039542341182400

2179882 Dreamthief the Pyromancer (level 27, 238/238 HPs)
             Began as a Naga Alchemist on Mar 7, 2024.
             Was the Champion of Vehumet.
             Escaped with the Orb
             ... and 4 runes!
             The game lasted 02:34:45 (83760 turns).

Dreamthief the Pyromancer (Naga Alchemist)         Turns: 83760, Time: 02:34:45

Health: 238/238    AC: 30    Str: 21    XL:     27
Magic:  45/45      EV: 13    Int: 31    God:    Vehumet [******]
Gold:   8307       SH:  0    Dex: 15    Spells: 3/62 levels left

rFire   + + +        T - +9 demon whip (freeze)
rCold   + . .        W - orb {*channel}
rNeg    + + .        Z - +5 robe of Simirah {rElec Int+3 Stlth+}
rPois   +            l - +0 mask of the Dragon {Will+ Slay+3 SInv}
rElec   +            S - scarf {repulsion}
rCorr   +            J - +2 pair of gloves
SInv    +            B - +0 barding of Galomun {rC+}
Will    +++..        Q - amulet of magic regeneration
Stlth   +++          C - ring "Seed" {Wiz rF+ rN++ Will- rCorr Str+3}
HPRegen 0.59/turn    M - ring "Washo" {^Drain rPois rF++ Str+6 Dex+3}
MPRegen 0.69/turn

%: repel missiles, wizardry (x1), channel magic (20%)
@: hasted, studying 4 skills, quick
A: AC +9, large, see invisible, deformed body, poison resistance, slowness 2,
spit poison 2, naga tail 2, iridescent scales 2, frail 1, sense surroundings 1,
screaming 1, MP-powered wands
0: Orb of Zot
}: 4/15 runes: decaying, slimy, silver, gossamer
a: Breathe Poison Gas, Renounce Religion


You escaped.
You worshipped Vehumet.
Vehumet was exalted by your worship.
You visited 13 branches of the dungeon, and saw 57 of its levels.
You also visited: Trove, Sewer, Bailey and Ice Cave.

You collected 10884 gold pieces.
You spent 2577 gold pieces at shops.

Inventory:

Hand Weapons
 d - a +0 dagger of distortion {!w}
 p - the +1 great sword "No More Talking" {speed, *Noise rN+++ Str+4 Dex-3}
   (You found it on level 5 of the Pits of Slime)

   Str+4:     It affects your strength (+4).
   Dex-3:     It affects your dexterity (-3).
   rN+++:     It renders you almost immune to negative energy.
   *Noise:    It may make a loud noise when swung.
 T - a +9 demon whip of freezing (weapon)
Armour
 l - the +0 mask of the Dragon (worn) {Will+ Slay+3 SInv}
   (You found it on level 4 of the Spider Nest)

   Slay+3:    It affects your accuracy & damage with ranged weapons and melee
   (+3).
   Will+:     It increases your willpower.
   SInv:      It lets you see invisible.
 B - the +0 barding of Galomun (worn) {rC+}
   (You acquired it on level 15 of the Dungeon)

   rC+:       It protects you from cold.
 E - the scarf of Brilliance {rC+ rF+, rPois Int+2}
   (You found it on level 5 of the Pits of Slime)

   Int+2:     It affects your intelligence (+2).
   rPois:     It protects you from poison.
 H - +5 steam dragon scales
 J - a +2 pair of gloves (worn)
 S - a scarf of repulsion (worn)
 W - an orb of energy (worn)
 Z - the +5 robe of Simirah (worn) {rElec Int+3 Stlth+}
   (You took it off a spriggan druid on level 4 of the Swamp)

   Int+3:     It affects your intelligence (+3).
   rElec:     It insulates you from electricity.
   Stlth+:    It makes you more stealthy.
Jewellery
 o - the ring of Plog {rN++ Str+4 Int+6}
   (You found it on level 3 of the Crypt)

   [ring of intelligence]

   Str+4:     It affects your strength (+4).
   Int+6:     It affects your intelligence (+6).
   rN++:      It greatly protects you from negative energy.
 t - the amulet "Xabbibbobo" {Harm rF+ Will- Regen+}
   (You took it off a deep elf pyromancer on level 1 of the Elven Halls)

   [amulet of regeneration]

   rF+:       It protects you from fire.
   Will-:     It decreases your willpower.
   Regen+:    It increases your rate of health regeneration.
   Harm:      It increases damage dealt and taken.
 x - the ring "Eronoosa" {rCorr AC+4}
   (You took it off a deep elf pyromancer on level 1 of the Elven Halls)

   [ring of protection]

   AC+4:      It affects your AC (+4).
   rCorr:     It protects you from acid and corrosion.
 y - the ring "Erphaschob" {Fire *Corrode rPois Dex+4 Stlth+}
   (You took it off a deep elf pyromancer on level 1 of the Elven Halls)

   [ring of fire]

   Fire:      It enhances your fire magic.
   Dex+4:     It affects your dexterity (+4).
   rF+:       It protects you from fire.
   rC-:       It makes you vulnerable to cold.
   rPois:     It protects you from poison.
   *Corrode:  It may corrode you when you take damage.
   Stlth+:    It makes you more stealthy.
 z - a ring of magical power
 C - the ring "Seed" (left hand) {Wiz rF+ rN++ Will- rCorr Str+3}
   (You found it on level 3 of the Crypt)

   [ring of wizardry]

   Wiz:       It improves your spell success rate.
   Str+3:     It affects your strength (+3).
   rF+:       It protects you from fire.
   rN++:      It greatly protects you from negative energy.
   Will-:     It decreases your willpower.
   rCorr:     It protects you from acid and corrosion.
 I - the ring "Yxol" {Fire Str+2}
   (You found it on level 7 of the Dungeon)

   [ring of fire]

   Fire:      It enhances your fire magic.
   Str+2:     It affects your strength (+2).
   rF+:       It protects you from fire.
   rC-:       It makes you vulnerable to cold.
 M - the ring "Washo" (right hand) {^Drain rPois rF++ Str+6 Dex+3}
   (You found it on level 3 of the Vaults)

   [ring of strength]

   Str+6:     It affects your strength (+6).
   Dex+3:     It affects your dexterity (+3).
   rF++:      It greatly protects you from fire.
   rPois:     It protects you from poison.
   ^Drain:    It drains your maximum health when unequipped.
 Q - an amulet of magic regeneration (around neck)
Wands
 v - a wand of digging (31)
Scrolls
 c - 3 scrolls of poison
 f - 6 scrolls of enchant weapon
 h - 27 scrolls of teleportation {@r3}
 i - 2 scrolls of amnesia
 k - a scroll of enchant armour
 r - 8 scrolls of fear
 u - 5 scrolls of revelation {@r5}
 w - 2 scrolls of blinking {@r4}
 A - 8 scrolls of butterflies
 D - 12 scrolls of fog {@r2}
 F - 10 scrolls of vulnerability {!r}
 N - 11 scrolls of immolation
 U - 5 scrolls of brand weapon
Potions
 a - 8 potions of attraction
 b - 3 potions of magic
 e - 11 potions of mutation
 g - a potion of cancellation
 j - 28 potions of curing {@q2}
 m - 8 potions of haste {@q5}
 n - 8 potions of invisibility
 q - 4 potions of heal wounds {@q1}
 s - 11 potions of lignification
 G - 4 potions of ambrosia
 K - 8 potions of might {@q3}
 O - 7 potions of brilliance
 Y - 4 potions of resistance
Miscellaneous
 L - a phantom mirror
 R - a lightning rod (4/4)
 V - a condenser vane
 X - a phial of floods


   Skills:
 + Level 19.1 Fighting
 - Level 12.0 Maces & Flails
 + Level 13.0 Armour
 + Level 11.6 Dodging
 + Level 17.9 Stealth
 - Level 18.0 Spellcasting
 - Level 22.0 Conjurations
 - Level 8.0 Summonings
 - Level 4.0 Translocations
 - Level 22.0 Fire Magic
 - Level 22.0 Ice Magic
 - Level 6.0 Air Magic
 - Level 6.0 Earth Magic
 - Level 5.0 Alchemy


You had 3 spell levels left.
You knew the following spells:

 Your Spells              Type           Power      Damage    Failure   Level
a - Bombard               Conj/Erth      42%        9d7       1%          6
b - Blink                 Tloc           100%       N/A       1%          2
f - Fire Storm            Conj/Fire      52%        8d13      4%          9
i - Ignition              Fire           52%        3d14      1%          8
p - Polar Vortex          Ice            52%        12d6*     4%          9
r - Ozocubu's Refrigerat  Ice            52%        4d19      1%          7
s - Spellforged Servitor  Conj/Summ      44%        N/A       1%          7
F - Fireball              Conj/Fire      52%        3d20      1%          5
I - Irradiate             Conj/Alch      42%        3d25      1%          5
S - Sting                 Conj/Alch      100%       1d9       1%          1

Your spell library contained the following spells:

 Spells                   Type           Power      Damage    Failure   Level
 Shatter                  Erth           30%        3d25*     100%        9
 Foxfire                  Conj/Fire      100%       2x1d9     1%          1
 Magic Dart               Conj           100%       1d8       1%          1
 Sandblast                Erth           100%       2d20      1%          1
 Shock                    Conj/Air       100%       1d9       1%          1
 Summon Small Mammal      Summ           100%       N/A       1%          1
 Call Imp                 Summ           100%       N/A       1%          2
 Cigotuvi's Dreadful Rot  Necr/Alch/Air  100%       N/A       1%          2
 Ensorcelled Hibernation  Hex/Ice        100%       N/A       1%          2
 Lesser Beckoning         Tloc           100%       N/A       1%          2
 Mercury Vapours          Alch/Air       100%       N/A       1%          2
 Momentum Strike          Conj/Tloc      100%       3d10      1%          2
 Scorch                   Fire           100%       2d9       1%          2
 Searing Ray              Conj           100%       2d8       1%          2
 Call Canine Familiar     Summ           67%        N/A       1%          3
 Dazzling Flash           Conj/Hex       100%       N/A       1%          3
 Frozen Ramparts          Ice            100%       1d16      1%          3
 Gell's Gravitas          Tloc           51%        N/A       1%          3
 Hailstorm                Conj/Ice       100%       3d16      1%          3
 Inner Flame              Hex/Fire       77%        N/A       1%          3
 Mephitic Cloud           Conj/Alch/Air  77%        N/A       1%          3
 Ozocubu's Armour         Ice            100%       N/A       1%          3
 Passwall                 Erth           60%        N/A       1%          3
 Stone Arrow              Conj/Erth      100%       3d13      1%          3
 Summon Ice Beast         Ice/Summ       88%        N/A       1%          3
 Swiftness                Air            60%        N/A       1%          3
 Teleport Other           Tloc           51%        N/A       1%          3
 Volatile Blastmotes      Fire/Tloc      100%       2d18      1%          3
 Necrotise                Necr           100%       1d9       2%          1
 Slow                     Hex            100%       N/A       2%          1
 Jinxbite                 Hex            54%        N/A       3%          2
 Sublimation of Blood     Necr           27%        N/A       3%          2
 Confusing Touch          Hex            27%        N/A       5%          3
 Fugue of the Fallen      Necr           27%        N/A       5%          3
 Sigil of Binding         Hex            27%        N/A       5%          3
 Tukima's Dance           Hex            27%        N/A       5%          3
 Vampiric Draining        Necr           27%        2d7       5%          3
 Brom's Barrelling Bould  Conj/Erth      85%        2d10      1%          4
 Flame Wave               Conj/Fire      100%       2d21      1%          4
 Fulminant Prism          Conj/Alch      42%        3d19      1%          4
 Ignite Poison            Fire/Alch      84%        N/A       1%          4
 Iskenderun's Mystic Bla  Conj/Tloc      83%        2d16      1%          4
 Olgreb's Toxic Radiance  Alch           56%        N/A       1%          4
 Sticky Flame             Fire/Alch      84%        2d13      1%          4
 Summon Blazeheart Golem  Fire/Summ      88%        N/A       1%          4
 Summon Lightning Spire   Summ/Air       63%        N/A       1%          4
 Arcjolt                  Conj/Air       42%        1d52      1%          5
 Freezing Cloud           Conj/Ice/Air   46%        6-21      1%          5
 Iskenderun's Battlesphe  Conj           100%       2d15      1%          5
 Metabolic Englaciation   Hex/Ice        38%        N/A       1%          5
 Conjure Ball Lightning   Conj/Air       42%        3x3d15    1%          6
 Plasma Beam              Fire/Air       42%        2x1d56    1%          6
 Sculpt Simulacrum        Ice/Alch       42%        N/A       1%          6
 Starburst                Conj/Fire      52%        6d14      1%          6
 Orb of Destruction       Conj           52%        9d13      1%          7
 Leda's Liquefaction      Alch/Erth      29%        N/A       2%          4
 Petrify                  Alch/Erth      58%        N/A       2%          4
 Vhi's Electric Charge    Tloc/Air       100%       N/A       3%          4
 Yara's Violent Unravell  Hex/Alch       21%        3d10      3%          5
 Manifold Assault         Tloc           51%        N/A       4%          4
 Martyr's Knell           Necr/Summ      51%        N/A       4%          4
 Passage of Golubria      Tloc           51%        N/A       4%          4
 Summon Forest            Summ/Tloc      30%        N/A       4%          5
 Lehudib's Crystal Spear  Conj/Erth      42%        10d10     6%          8
 Summon Mana Viper        Hex/Summ       51%        N/A       9%          5
 Summon Cactus Giant      Summ           33%        N/A       9%          6
 Silence                  Hex/Air        23%        N/A       12%         5
 Anguish                  Hex/Necr       13%        N/A       13%         4
 Cause Fear               Hex            13%        N/A       13%         4
 Dispel Undead            Necr           27%        3d13      13%         4
 Curse of Agony           Necr           27%        N/A       28%         5
 Dispersal                Tloc           25%        N/A       30%         6
 Summon Hydra             Summ           33%        N/A       32%         7
 Malign Gateway           Summ/Tloc      30%        N/A       54%         7
 Maxwell's Capacitive Co  Air            30%        ∞         63%         8
 Death Channel            Necr           13%        N/A       77%         6
 Haunt                    Necr/Summ      25%        N/A       78%         7
 Summon Horrible Things   Summ           33%        N/A       88%         8
 Enfeeble                 Hex            13%        N/A       99%         7
 Borgnjor's Revivificati  Necr           13%        N/A       100%        8
 Discord                  Hex            13%        N/A       100%        8
 Disjunction              Tloc           25%        N/A       100%        8
 Death's Door             Necr           13%        N/A       100%        9


Dungeon Overview and Level Annotations

Branches:
Dungeon (15/15)            Temple (1/1) D:7            Lair (5/5) D:10
  Swamp (4/4) Lair:2       Spider (4/4) Lair:3        Slime (5/5) Lair:5
    Orc (2/2) D:11            Elf (3/3) Orc:2        Vaults (5/5) D:14
  Crypt (3/3) Vaults:3       Tomb (0/3) Crypt:3      Depths (4/4) D:15
   Hell (visited)             Dis (0/7) Hell            Geh (0/7) Hell
    Coc (0/7) Hell            Tar (0/7) Hell            Zot (5/5) Depths:4
  Sewer (visited)          Bailey (visited)           IceCv (visited)

Altars:
Ashenzari
Cheibriados
Dithmenos
Elyvilon
Fedhas
Gozag
Hepliaklqana
Kikubaaqudgha
Makhleb
Nemelex Xobeh
Okawaru
Qazlal
Ru
Sif Muna
Trog
Uskayaw
Vehumet
Wu Jian
Xom
Yredelemnul
Zin
The Shining One
Beogh
Jiyva

Shops:
D:2 (   D:4 :   D:5 !   D:15 *   Orc:2 !=(![   Elf:1 [   Vaults:3 (
Depths:1 !

Portals:
Hell: Lair:5 Depths:1 Depths:2 Depths:3 Depths:4
Abyss: Depths:2 Depths:3 Depths:4
Pandemonium: Depths:2
Ziggurat: Depths:2

Annotations:
Zot:5 2 transporters, ArchonOfCruelty's ghost, master DrCA


Innate Abilities, Weirdness & Mutations

Your serpentine skin is tough. (AC +9)
You have supernaturally acute eyesight. (SInv)
Armour fits poorly on your strangely shaped body.
Your system is resistant to poisons. (rPois)
You cover ground very slowly.
You can exhale a cloud of poison.
You can use your snake-like lower body to constrict enemies.
You are mostly covered in iridescent scales. (AC +4)
You are frail. (-10% HP)
You passively map a small area around you.
You occasionally shout uncontrollably at your foes.
You expend magic power (3 MP) to strengthen your wands.


Message History

Magical energy flows into your mind!
Punuetz gestures.
Punuetz blinks!
A shadow imp comes into view.
You whack the rust devil! You freeze the rust devil.
You kill the rust devil!
Vehumet accepts your kill.
You feel yourself speed up.
Unknown command.
The winds around you start to calm down.
You float gracefully downwards.
You are engulfed in whirling frost.
You are engulfed in whirling frost.
A shadow imp is nearby!
You are engulfed in whirling frost.
The winds around you calm down.
An Ice Fiend comes into view.
The Ice Fiend roars!
Unknown command.
Casting: Polar Vortex (dangerous; 4% risk of failure)
Confirm with . or Enter, or press ? or * to list all spells.
Aiming: Fire Storm (dangerous; 4% risk of failure)
Press: ? - help, Dir - move target A raging storm of fire appears!
The great blast of fire engulfs the Ice Fiend!!!!
The Ice Fiend is burned terribly!
The Ice Fiend is almost dead.
The great blast of fire engulfs the shadow imp!!!
You kill the shadow imp!
Vehumet accepts your kill.
You feel your power returning.
The Ice Fiend is engulfed in blazing flames.
You kill the Ice Fiend!
Vehumet accepts your kill.
You feel your power returning.
Your Armour skill increases to level 13!
Okay, then.
Magic restored.
There is a staircase leading out of the dungeon here.
You have escaped!

..#
#....#.#####.......#..#
..#
#.##.#.#....########v.#
..# ####..#.#...##.#
#...v.v. ..#
#.....#........####...v..v
+##
#.###############.........
..#
#........####.....#.....>.
..#
#...≈≈.###........###.....
..# #...≈§.#...#......#
#÷)... ..#
#......#.@.#......###.....
..#
#......#...#.≈≈...........
..#
#........###.≈≈....##.....
#.#
#.....####.........##.....
#.#
##################.##.....
#.# ##....#
#....#...####### #.#
#...#.###....#.##.....#
#.#
####............#.##.###.#
#.#
#....#...#.####.#....###.#


There were no monsters in sight!

Vanquished Creatures
  the Royal Jelly (Slime:5)
  6 orbs of fire
  2 dread liches
  Frederick (Depths:4)
  3 ancient liches
  2 juggernauts
  Sojobo (Vaults:2)
  Saint Roka (Vaults:2)
  3 Killer Klowns
  Boris (Vaults:5)
  Geryon (Hell)
  3 curse toes
  The ghost of NotYourErnst the Scorcher, an adept MDFE of Gozag (Vaults:2)
  2 caustic shrikes (Depths:3)
  Nikola (Spider:1)
  8 golden dragons
  Norris (Elf:2)
  2 electric golems
  13 tentacled monstrosities
  3 doom hounds (Zot:2)
  2 walking crystal tomes (Depths:3)
  8 liches
  24 Orb Guardians
  Jorgrun (Swamp:2)
  4 titans
  An Ice Fiend (D:1)
  Asterion (Vaults:1)
  A walking earthen tome (Depths:3)
  4 deep elf master archers (Elf:3)
  7 quicksilver dragons
  9 sphinxes
  2 deep elf blademasters
  Grunn (Zot:2)
  24 acid blobs
  8 ancient champions
  Murray (Depths:4)
  7 death cobs
  Agnes (D:14)
  9 tengu reavers
  3 shadow dragons
  A thorn hunter (Swamp:3)
  12 storm dragons
  Donald (Elf:1)
  A fenstrider witch (Swamp:4)
  11 rockslimes
  7 fire giants
  10 azure jellies
  4 revenants
  7 emperor scorpions
  2 draconian knights
  12 deep elf sorcerers
  6 draconian monks
  A balrug (Hell)
  5 draconian shifters
  5 deep elf elementalists
  2 iron dragons
  9 ghost moths
  3 draconian scorchers
  7 frost giants
  A spectral caustic shrike (Crypt:3)
  17 vault wardens
  5 curse skulls (Crypt:1)
  7 draconian stormcallers
  3 orc warlords
  A ghoul (Crypt:1)
  19 ironbound preservers
  A spriggan defender (Depths:3)
  The ghost of Konar the Marksgoblin, a journeyman CoHu of Hepliaklqana (D:14)
  8 reapers
  4 broodmothers
  6 ironbound thunderhulks
  10 quicksilver oozes
  9 formless jellyfish
  4 draconian annihilators
  9 green draconians
  16 very ugly things
  5 vampire knights
  10 eleionomae
  13 stone giants
  9 deep elf death magi
  6 deep elf demonologists
  5 black draconians
  A spectral titan (Crypt:3)
  15 yellow draconians
  9 bunyips
  A lorocyproca (D:13)
  3 war gargoyles
  15 deep elf annihilators
  A wendigo (Hell)
  12 purple draconians
  7 spark wasps
  Azrael (Orc:2)
  5 white draconians
  4 dire elephants (Vaults:3)
  5 red draconians
  Snorg (Orc:2)
  3 green deaths
  13 eidola
  13 ettins
  6 fire dragons
  13 jiangshi
  2 spectral quicksilver dragons (Crypt:3)
  6 statues (Depths:2)
  9 entropy weavers
  An entropy weaver (shapeshifter) (D:14)
  Josephine (D:14)
  A spectral fenstrider witch (Crypt:3)
  A shambling mangrove (Swamp:4)
  6 ice dragons
  12 great orbs of eyes
  36 vault guards
  18 yaktaur captains
  2 spectral spriggans (Crypt:3)
  3 rakshasas
  2 ragged hierophants (Vaults:3)
  14 deep elf high priests
  A spriggan zombie (Hell)
  6 spriggan air magi
  4 salamander tyrants (Depths:2)
  A fenstrider witch zombie (Hell)
  A peacekeeper (Vaults:3)
  24 hydras
  A hell beast (D:14)
  A caustic shrike simulacrum (Hell)
  14 centaur warriors
  A death knight (D:15)
  9 alligators
  3 ogre magi
  6 ironbound frosthearts
  3 radroaches
  A catoblepas (D:14)
  8 boulder beetles
  29 dancing weapons
  An Orb Guardian skeleton (Crypt:1)
  17 two-headed ogres
  2 deep troll shamans
  3 death yaks (Lair:5)
  14 demonic crawlers
  3 hell hogs (Hell)
  6 tengu warriors
  7 occultists
  5 deep troll earth magi
  9 vampire magi
  13 hell knights
  Sonja (Lair:3)
  3 spectral storm dragons (Crypt:3)
  14 spriggans
  4 sun demons (Hell)
  22 deep elf knights
  5 orc high priests
  A titan skeleton (Crypt:1)
  Amaemon (Lair:1)
  An emperor scorpion zombie (Crypt:3)
  9 soul eaters
  31 skeletal warriors
  4 iron trolls
  2 sixfirhies
  4 skysharks
  5 shadow wraiths (Crypt:3)
  10 pharaoh ants
  69 deep trolls
  2 goliath frogs
  5 spriggan druids
  12 swamp dragons
  A spectral anaconda (Crypt:3)
  9 flayed ghosts
  A glowing orange brain (shapeshifter) (Depths:4)
  An orb spider (shapeshifter) (Vaults:3)
  5 glowing orange brains
  2 spriggan simulacra
  124 slime creatures
  A steelbarb worm (shapeshifter) (Vaults:4)
  17 phantasmal warriors
  5 bog bodies
  5 thermic dynamos
  9 steelbarb worms
  5 arcanists
  12 ironbound convokers
  3 orb spiders
  10 necromancers
  4 shining eyes
  An orange crystal statue (IceCv)
  8 deep elf archers
  2 iron giant skeletons
  10 lindwurms
  28 deep elf pyromancers
  24 deep elf zephyrmancers
  13 orc knights
  An alligator zombie (Crypt:1)
  A glowing shapeshifter (Vaults:5)
  7 harpies
  13 wolf spiders
  2 spectral ettins (Crypt:3)
  A fire giant zombie (Depths:3)
  An eleionoma zombie (Crypt:3)
  5 cyclopes
  Maurice (D:10)
  14 elephants
  48 ugly things
  6 manticores
  2 will-o-the-wisps (Swamp:3)
  5 orc sorcerers
  A spectral centaur (Crypt:3)
  An eleionoma skeleton (Crypt:2)
  23 moths of wrath
  11 meliai
  A meliai (shapeshifter) (Elf:1)
  7 kobold blastminers
  A naga zombie (Hell)
  A frost giant skeleton (Vaults:3)
  3 eyes of devastation
  A fire giant skeleton (Vaults:3)
  A guardian serpent (shapeshifter) (Vaults:5)
  2 rust devils
  2 stone giant skeletons
  5 smoke demons
  A water nymph (shapeshifter) (Elf:1)
  2 guardian serpents (Vaults:3)
  A shock serpent skeleton (Crypt:1)
  4 torpor snails
  6 black mambas
  2 gargoyles
  2 titan simulacra (Hell)
  4 molten gargoyles (Hell)
  9 cane toads
  23 vault sentinels
  A storm dragon simulacrum (Hell)
  A black mamba (shapeshifter) (Elf:1)
  An eye of devastation (shapeshifter) (Vaults:5)
  3 orange demons
  5 rime drakes
  An elephant slug zombie (Crypt:2)
  An unseen horror (shapeshifter) (Elf:1)
  A naga skeleton (Hell)
  20 freezing wraiths
  7 komodo dragons
  A dire elephant skeleton (Crypt:2)
  An efreet (D:6)
  A hellion (Depths:2)
  5 centaur skeletons
  3 elf skeletons (Vaults:3)
  A kobold demonologist (D:9)
  5 anaconda simulacra
  10 tengu conjurers
  A harpy zombie (Hell)
  2 unseen horrors (D:13)
  38 yaktaurs
  5 guardian mummies (Crypt:3)
  2 black draconian skeletons
  2 golden dragon simulacra
  A spectral naga (Crypt:3)
  2 human skeletons (Vaults:3)
  6 red devils
  3 ice devils
  2 bloated husks
  A spectral harpy (Crypt:3)
  2 trolls
  A hellwing (D:6)
  2 yaktaur skeletons (Vaults:3)
  13 hornets
  A wolf spider simulacrum (D:14)
  A shadow dragon simulacrum (Depths:3)
  A polar bear (Lair:3)
  19 tarantellas
  A tengu simulacrum (Hell)
  8 tyrant leeches
  A culicivora zombie (Crypt:2)
  A tarantella (shapeshifter) (Vaults:3)
  A saltling (Vaults:3)
  A blink frog (shapeshifter) (D:15)
  A raiju (shapeshifter) (Elf:1)
  5 glass eyes
  2 guardian serpent zombies
  18 blink frogs
  19 jumping spiders
  A deep troll skeleton (Vaults:3)
  A stone giant simulacrum (Hell)
  23 culicivoras
  An ettin skeleton (Vaults:3)
  A fire dragon skeleton (Crypt:3)
  A naga simulacrum (Hell)
  3 air elementals
  5 water elementals
  56 yaks
  3 vampires
  A wyvern (Lair:2)
  11 wraiths
  5 wargs
  3 fire bats (Lair:2)
  6 golden eyes
  18 vampire mosquitoes
  2 fire elementals (Orc:2)
  2 steam dragons
  A hog (shapeshifter) (Elf:1)
  2 basilisks
  35 redbacks
  4 harpy simulacra
  19 swamp worms
  An acid dragon (shapeshifter) (Vaults:5)
  A swamp worm (shapeshifter) (Depths:3)
  18 water moccasins
  A glowing shapeshifter skeleton (Vaults:3)
  21 hell hounds
  An ice beast (D:6)
  13 swamp drakes
  A black bear (D:2)
  Pargi (Sewer)
  A black mamba simulacrum (Crypt:3)
  3 ettin simulacra (IceCv)
  3 sky beasts
  28 orc warriors
  14 ogres
  9 wolves
  5 laughing skulls (Crypt:1)
  12 centaurs
  A boggart (D:14)
  A hog zombie (Crypt:1)
  A hog skeleton (Crypt:2)
  13 kobold brigands
  10 bullfrogs
  2 brain worms (Sewer)
  2 earth elementals (Elf:3)
  A komodo dragon skeleton (Crypt:1)
  2 gnoll sergeants
  5 scorpions
  12 wights
  A hornet simulacrum (D:14)
  15 killer bees
  2 lindwurm simulacra (IceCv)
  A howler monkey (D:10)
  2 vampire bats (D:9)
  5 electric eels
  A jelly (D:6)
  2 bombardier beetles
  2 hounds
  19 orc priests
  A sleepcap (D:4)
  A basilisk skeleton (Crypt:3)
  2 iguanas (D:5)
  29 orc wizards
  A boggart skeleton (D:15)
  2 acid dragon zombies
  A crocodile zombie (Crypt:3)
  An ogre skeleton (Crypt:3)
  7 mummies (Crypt:3)
  A howler monkey skeleton (Crypt:2)
  7 gnolls
  15 adders
  3 river rats (D:5)
  2 shadow imps
  A white imp (D:5)
  An adder skeleton (Crypt:3)
  6 ribbon worms
  2 dart slugs
  81 orcs
  5 endoplasms
  2 giant cockroaches
  14 goblins
  5 hobgoblins
  3 jackals (D:3)
  3 quokkas (D:4)
  9 ball pythons
  7 bats
  8 frilled lizards
  A goblin zombie (D:7)
  32 kobolds
  A quokka zombie (D:7)
  6 rats
  150 fire vortices
2688 creatures vanquished.

Vanquished Creatures (collateral kills)
  A dread lich (Vaults:5)
  An ancient lich (Zot:5)
  3 orbs of fire (Zot:5)
  Vv (Zot:1)
  An electric golem (Zot:5)
  2 liches (Vaults:5)
  2 tentacled monstrosities
  3 Orb Guardians (Zot:5)
  3 death cobs
  2 shadow dragons
  A storm dragon (Zot:1)
  A draconian knight (Zot:1)
  A revenant (Crypt:3)
  A draconian stormcaller (Zot:4)
  A spriggan defender (Depths:3)
  A deep elf death mage (Vaults:5)
  A deep elf demonologist (Vaults:5)
  A white draconian (Zot:1)
  A green death (Depths:3)
  An ice dragon (Depths:3)
  A spectral dire elephant (Crypt:3)
  A tengu warrior (Depths:2)
  An occultist (Depths:2)
  A spectral storm dragon (Crypt:3)
  A spectral bunyip (Crypt:3)
  A storm dragon skeleton (Hell)
  A spectral hydra (Crypt:3)
  An iron dragon zombie (Crypt:2)
  An orange demon (Depths:2)
  A freezing wraith (Vaults:5)
  A grey draconian skeleton (Crypt:3)
  A snapping turtle (shapeshifter) (Vaults:5)
  3 slime creatures (Slime:5)
  A neqoxec (Zot:3)
45 creatures vanquished.

Vanquished Creatures (others)
  An orc high priest (Orc:2)
  A swamp dragon (Swamp:4)
  A hell hound (Lair:5)
  An orc warrior (Orc:1)
  An ogre (Orc:1)
  A shadow imp (D:7)
  2 orcs (Orc:2)
  147 fire vortices
  2 foxfires (Swamp:3)
157 creatures vanquished.

Grand Total: 2890 creatures vanquished

Notes
Turn   | Place    | Note
-------+----------+-------------------------------------------
     0 | D:1      | Dreamthief the Naga Alchemist began the quest for the Orb.
     0 | D:1      | Reached XP level 1. HP: 15/15 MP: 3/3
   249 | D:1      | Reached XP level 2. HP: 22/22 MP: 5/5
   963 | D:2      | Found Inoly's Weapon Shop.
   966 | D:2      | Reached XP level 3. HP: 28/28 MP: 4/6
  1015 | D:2      | Identified the +5 leather armour "Tacat" {Rampage *Corrode
                  | rElec rC+ Int+5}
  1489 | D:2      | Noticed a black bear
  1496 | D:2      | Killed a black bear
  1497 | D:2      | Reached skill level 5 in Stealth
  1497 | D:2      | Reached XP level 4. HP: 21/36 MP: 1/9
  1497 | D:2      | Reached XP level 5. HP: 25/42 MP: 1/10
  1627 | D:2      | Reached skill level 5 in Alchemy
  2195 | D:3      | Found a faded altar of an unknown god.
  2342 | D:3      | Identified the +0 robe "Lere" {Will+ Slay+5}
  3044 | D:4      | Found a snail-covered altar of Cheibriados.
  3100 | D:4      | Reached skill level 1 in Fighting
  3100 | D:4      | Reached XP level 6. HP: 22/51 MP: 5/12
  3643 | D:4      | Found Taniqa's Book Shoppe.
  3882 | D:4      | Learned a level 4 spell: Olgreb's Toxic Radiance
  3890 | D:5      | Entered Level 5 of the Dungeon
  3938 | D:5      | Found Hushram's Distillery.
  3938 | D:5      | Noticed a water moccasin
  3961 | D:5      | Killed a water moccasin
  3962 | D:5      | Reached skill level 5 in Spellcasting
  3962 | D:5      | Reached XP level 7. HP: 28/62 MP: 0/14
  4223 | D:5      | Found a glowing drain.
  4229 | Sewer    | Entered a sewer
  4346 | Sewer    | Noticed Pargi
  4357 | Sewer    | Killed Pargi
  4657 | D:5      | Bought a potion of heal wounds for 60 gold pieces
  4657 | D:5      | Bought a potion of curing for 36 gold pieces
  4664 | D:5      | You fall into a shaft and drop 3 floors!
  4668 | D:8      | Found an opulent altar of Gozag.
  4816 | D:8      | Reached XP level 8. HP: 73/73 MP: 7/17
  4835 | D:8      | Reached skill level 5 in Fighting
  4981 | D:7      | Identified the +1 long sword of the Unliving {flame, *Slow
                  | Fly rCorr Dex+6}
  5863 | D:5      | Reached XP level 9. HP: 76/85 MP: 12/20
  6277 | D:5      | Found a hide-covered altar of Uskayaw.
  6277 | D:5      | Found a broken altar of Ashenzari.
  6566 | D:5      | Learned a level 2 spell: Blink
  6572 | D:5      | Learned a level 5 spell: Freezing Cloud
  6921 | D:6      | Reached skill level 1 in Translocations
  7019 | D:6      | Found a bloodstained altar of Trog.
  7079 | D:6      | Reached skill level 1 in Ice Magic
  7079 | D:6      | Reached skill level 1 in Air Magic
  7524 | D:7      | Found a staircase to the Ecumenical Temple.
  7556 | Temple   | Entered the Ecumenical Temple
  7570 | Temple   | Became a worshipper of Vehumet
  8366 | D:7      | Identified the ring "Yxol" {Fire Str+2}
  8910 | D:8      | Reached XP level 10. HP: 76/96 MP: 22/22
  8978 | D:8      | Found a white marble altar of Elyvilon.
  9218 | D:8      | Found a shadowy altar of Dithmenos.
  9332 | D:8      | Found a blossoming altar of Fedhas.
  9964 | D:9      | Noticed a kobold demonologist
  9968 | D:9      | Reached * piety under Vehumet
  9968 | D:9      | Offered knowledge of Freeze by Vehumet.
  9974 | D:9      | Killed a kobold demonologist
 10376 | D:10     | Entered Level 10 of the Dungeon
 10416 | D:10     | Found a flagged portal.
 10426 | Bailey   | Entered a bailey
 10540 | Bailey   | Found a burning altar of Makhleb.
 10540 | Bailey   | Noticed an orc knight
 10546 | Bailey   | Reached ** piety under Vehumet
 10546 | Bailey   | Offered knowledge of Searing Ray by Vehumet.
 10548 | Bailey   | Reached XP level 11. HP: 55/104 MP: 5/24
 10551 | Bailey   | Killed an orc knight
 10862 | D:10     | Found a staircase to the Lair.
 10882 | D:10     | Reached skill level 5 in Conjurations
 10945 | D:10     | Noticed Maurice
 10963 | D:10     | Killed Maurice
 10964 | D:10     | Reached skill level 5 in Ice Magic
 11092 | D:10     | Found a sparkling altar of Nemelex Xobeh.
 11258 | D:10     | Reached skill level 5 in Air Magic
 11822 | D:11     | Noticed a two-headed ogre
 11829 | D:11     | Killed a two-headed ogre
 11830 | D:11     | Reached skill level 1 in Fire Magic
 11969 | D:11     | Offered knowledge of Stone Arrow by Vehumet.
 11971 | D:11     | Reached *** piety under Vehumet
 12056 | D:11     | Noticed a cyclops
 12063 | D:11     | Killed a cyclops
 12201 | D:11     | Reached skill level 10 in Spellcasting
 12201 | D:11     | Offered knowledge of Hailstorm by Vehumet.
 12208 | D:11     | Learned a level 5 spell: Irradiate
 12858 | D:11     | Reached skill level 10 in Fighting
 13349 | D:11     | Found a staircase to the Orcish Mines.
 13483 | Lair:1   | Entered Level 1 of the Lair of Beasts
 13485 | Lair:1   | Noticed Amaemon
 13493 | Lair:1   | Killed Amaemon
 13631 | Lair:1   | Reached skill level 5 in Fire Magic
 13683 | Lair:1   | Reached XP level 12. HP: 76/116 MP: 11/26
 13805 | Lair:1   | Noticed a five-headed hydra
 13811 | Lair:1   | Killed a four-headed hydra
 14603 | Lair:1   | Found a transporter.
 14603 | Lair:1   | Noticed a boulder beetle
 14604 | Lair:1   | Found a transporter.
 14604 | Lair:1   | Noticed a boulder beetle
 14956 | Lair:2   | Noticed a six-headed hydra
 14956 | Lair:2   | Noticed a seven-headed hydra
 14961 | Lair:2   | Reached skill level 5 in Dodging
 14963 | Lair:2   | Killed a six-headed hydra
 14963 | Lair:2   | Killed a seven-headed hydra
 15309 | Lair:2   | Noticed a seven-headed hydra
 15321 | Lair:2   | Killed a seven-headed hydra
 15321 | Lair:2   | Reached **** piety under Vehumet
 15480 | Lair:2   | Gained mutation: You can use your snake-like lower body to
                  | constrict enemies. [Naga growth]
 15480 | Lair:2   | Reached XP level 13. HP: 123/123 MP: 22/28
 15678 | Lair:2   | Found a staircase to the Swamp.
 15688 | Lair:2   | Offered knowledge of Fireball by Vehumet.
 15695 | Lair:2   | Learned a level 5 spell: Fireball
 15753 | Lair:2   | You are sucked into a shaft and drop 1 floor!
 16736 | Lair:3   | Reached skill level 10 in Fire Magic
 17082 | Lair:3   | Found a hole to the Spider Nest.
 17285 | Lair:3   | Noticed Sonja
 17287 | Lair:3   | Killed Sonja
 17487 | Lair:3   | Identified the +6 great sword of Hihuk {spect, Int+3}
 18056 | Lair:4   | Reached ***** piety under Vehumet
 18748 | Lair:5   | Entered Level 5 of the Lair of Beasts
 18774 | Lair:5   | Reached XP level 14. HP: 129/132 MP: 31/31
 18815 | Lair:5   | Offered knowledge of Iskenderun's Battlesphere by Vehumet.
 19558 | Lair:5   | Found a staircase to the Slime Pits.
 19559 | Lair:5   | Found a viscous altar of Jiyva.
 20253 | Lair:5   | Found a burning altar of Makhleb.
 20862 | Lair:5   | Found a gateway to Hell.
 21126 | Orc:1    | Entered Level 1 of the Orcish Mines
 21126 | Orc:1    | Noticed an orc warlord
 21278 | Orc:1    | Killed an orc warlord
 21524 | Orc:2    | Entered Level 2 of the Orcish Mines
 21605 | Orc:2    | Noticed Snorg
 21613 | Orc:2    | Killed Snorg
 21786 | Orc:2    | Offered knowledge of Ignite Poison by Vehumet.
 22041 | Orc:2    | Reached skill level 15 in Spellcasting
 22143 | Orc:2    | Found Quowkep's Weapon Boutique.
 22205 | Orc:2    | Noticed Azrael
 22214 | Orc:2    | Killed Azrael
 22495 | Orc:2    | Paralysed by an orc sorcerer for 4 turns
 22504 | Orc:2    | Reached XP level 15. HP: 130/138 MP: 34/34
 22535 | Orc:2    | Found Liohuuf's Distillery.
 22535 | Orc:2    | Found Idghirch's Jewellery Shop.
 22537 | Orc:2    | Found Qiups's Distillery.
 22537 | Orc:2    | Found Kukar's Armour Shop.
 22547 | Orc:2    | Bought a scarf of repulsion for 204 gold pieces
 22661 | Orc:2    | Found a staircase to the Elven Halls.
 22972 | Orc:1    | Reached skill level 10 in Conjurations
 23008 | Orc:1    | Found a roughly hewn altar of Beogh.
 23249 | Orc:1    | Found a roughly hewn altar of Beogh.
 25831 | D:14     | Noticed Agnes
 25838 | D:14     | Killed Agnes
 25942 | D:14     | Reached skill level 10 in Ice Magic
 26546 | D:14     | Reached XP level 16. HP: 146/146 MP: 26/35
 26714 | D:14     | Found a gate to the Vaults.
 26870 | D:14     | Found a portal to a secret trove of treasure.
 26878 | D:14     | Noticed Josephine
 26881 | D:14     | Killed Josephine
 26922 | D:14     | Found a runed translucent door.
 26925 | D:14     | Noticed Konar's ghost (journeyman CoHu)
 26928 | D:14     | Identified the +8 spear of Karma {elec, rElec rF+ Dex+4}
 27004 | D:14     | Found a broken altar of Ashenzari.
 27398 | D:15     | Entered Level 15 of the Dungeon
 27504 | D:15     | Reached ****** piety under Vehumet
 27756 | D:15     | Offered knowledge of Bombard by Vehumet.
 27765 | D:15     | Learned a level 6 spell: Bombard
 28152 | D:15     | Found Beysiriu's General Store.
 28656 | D:15     | Found a staircase to the Depths.
 29305 | D:15     | Reached skill level 15 in Ice Magic
 29628 | D:15     | Learned a level 7 spell: Ozocubu's Refrigeration
 29628 | D:15     | Identified 2 scrolls of acquirement
 29750 | D:15     | Acquired a staff of cold
 29757 | D:15     | Acquired the +0 barding of Galomun {rC+}
 29951 | Swamp:1  | Entered Level 1 of the Swamp
 29956 | Swamp:1  | Reached skill level 1 in Armour
 30463 | Swamp:1  | Offered knowledge of Plasma Beam by Vehumet.
 30471 | Swamp:1  | Learned a level 6 spell: Plasma Beam
 31209 | Swamp:1  | Identified the +2 robe of Light {rF++ Will+ Dex-2}
 31461 | Swamp:2  | Reached XP level 17. HP: 154/154 MP: 26/36
 31859 | Swamp:2  | Noticed Jorgrun
 31862 | Swamp:2  | Killed Jorgrun
 32484 | Swamp:3  | Found a glacial archway.
 32525 | IceCv    | Entered an ice cave
 32536 | IceCv    | Reached skill level 5 in Armour
 32730 | IceCv    | Found a transporter.
 32743 | IceCv    | Found a transporter.
 32973 | IceCv    | Got the Compilation of Hexed Venin
 33256 | Swamp:3  | Noticed a tentacled monstrosity
 33264 | Swamp:3  | Killed a tentacled monstrosity
 33264 | Swamp:3  | Offered knowledge of Arcjolt by Vehumet.
 33697 | Swamp:4  | Entered Level 4 of the Swamp
 33991 | Swamp:4  | Identified the amulet of the Zebra {Acrobat +Inv rN+ Str+2
                  | Int-4}
 34135 | Swamp:4  | Reached XP level 18. HP: 169/169 MP: 37/37
 34148 | Swamp:4  | Identified the +5 robe of Simirah {rElec Int+3 Stlth+}
 34347 | Swamp:4  | Got a decaying rune of Zot
 35000 | Spider:1 | Entered Level 1 of the Spider Nest
 35659 | Spider:1 | Noticed Nikola
 35665 | Spider:1 | Killed Nikola
 35753 | Spider:1 | Offered knowledge of Orb of Destruction by Vehumet.
 37395 | Spider:2 | Found a hide-covered altar of Uskayaw.
 37431 | Spider:2 | Offered knowledge of Conjure Ball Lightning by Vehumet.
 37733 | Spider:3 | Identified the +1 flail of Potyotot {freeze, rPois}
 37856 | Spider:3 | Reached skill level 10 in Dodging
 37968 | Spider:4 | Entered Level 4 of the Spider Nest
 37976 | Spider:4 | Reached XP level 19. HP: 178/182 MP: 32/38
 38060 | Spider:4 | Reached skill level 15 in Fighting
 38219 | Spider:4 | Reached skill level 10 in Armour
 38246 | Spider:4 | Reached skill level 1 in Earth Magic
 38498 | Spider:4 | Offered knowledge of Fire Storm by Vehumet.
 38498 | Spider:4 | Offered knowledge of Shatter by Vehumet.
 38498 | Spider:4 | Offered knowledge of Ignition by Vehumet.
 38542 | Spider:4 | Found the +0 mask of the Dragon {Will+ Slay+3 SInv}
 38556 | Spider:4 | Got a gossamer rune of Zot
 38939 | D:10     | Upgraded the game from 0.32-a0-630-g46d191b0ed to
                  | 0.32-a0-640-gc5db3fc80f
 39068 | Vaults:1 | Entered Level 1 of the Vaults
 39161 | Vaults:1 | Noticed Asterion
 39164 | Vaults:1 | Killed Asterion
 39380 | Vaults:1 | Reached skill level 5 in Earth Magic
 40733 | Vaults:2 | Reached XP level 20. HP: 194/194 MP: 33/39
 40744 | Vaults:2 | Noticed Saint Roka
 40947 | Vaults:2 | Noticed Sojobo
 40961 | Vaults:2 | Killed Sojobo
 41292 | Vaults:2 | You fall into a shaft and drop 2 floors!
 41585 | Vaults:3 | Found Nunkias's Weapon Shoppe.
 41831 | Vaults:2 | Killed Saint Roka
 42405 | Vaults:2 | Found a runed translucent door.
 42644 | Vaults:2 | Noticed NotYourErnst's ghost (adept MDFE)
 42777 | Vaults:3 | Reached skill level 15 in Fire Magic
 43384 | Vaults:3 | Found a staircase to the Crypt.
 43577 | Vaults:3 | Reached XP level 21. HP: 201/201 MP: 40/40
 44185 | Vaults:3 | Identified the ring "Washo" {^Drain rPois rF++ Str+6 Dex+3}
 44472 | Vaults:3 | Learned a level 8 spell: Ignition
 45714 | Vaults:4 | Reached skill level 15 in Conjurations
 46413 | D:14     | Killed Konar's ghost
 46644 | Elf:1    | Entered Level 1 of the Elven Halls
 47065 | Elf:1    | Found a runed translucent door.
 47076 | Elf:1    | Reached XP level 22. HP: 206/210 MP: 41/41
 47094 | Elf:1    | Identified the ring "Erphaschob" {Fire *Corrode rPois Dex+4
                  | Stlth+}
 47126 | Elf:1    | Identified the amulet "Xabbibbobo" {Harm rF+ Will- Regen+}
 47128 | Elf:1    | Identified the ring "Eronoosa" {rCorr AC+4}
 47135 | Elf:1    | Identified the ring "Peuloist" {*Slow Fly rPois Str-3
                  | Stlth+}
 47278 | Elf:1    | Noticed Donald
 47281 | Elf:1    | Killed Donald
 47343 | Elf:1    | Got Dupabbed's Codex of Prima Materia
 47366 | Elf:1    | Found Dena's Antique Armour Shoppe.
 47447 | Elf:1    | Got the Incunable of Mutual Conjuration
 47666 | Elf:1    | Found an ancient bone altar of Kikubaaqudgha.
 48257 | Elf:2    | Noticed Norris
 48265 | Elf:2    | Killed Norris
 48476 | Elf:2    | Identified the +3 leather armour of the New World {Str+3}
 48878 | Elf:2    | Found a runed translucent gate.
 48879 | Elf:2    | Found a runed translucent gate.
 48879 | Elf:2    | Found a runed translucent gate.
 49589 | Elf:3    | Entered Level 3 of the Elven Halls
 49937 | Elf:3    | Reached skill level 10 in Stealth
 50377 | Elf:3    | Reached XP level 23. HP: 185/217 MP: 15/42
 50660 | Elf:3    | Identified the amulet "Veaheodo" {Reflect rPois SH+5
                  | Stlth+}
 50758 | Elf:3    | Found the +0 pair of fencer's gloves {Riposte Dex+3}
 50927 | Elf:3    | Identified the +1 scimitar of the Blessed Realm {freeze,
                  | rElec rN+ Str+3}
 51085 | Elf:3    | Learned a level 7 spell: Spellforged Servitor
 51377 | Slime:1  | Entered Level 1 of the Pits of Slime
 51388 | Slime:1  | Reached skill level 1 in Summonings
 53618 | Slime:4  | Reached skill level 5 in Summonings
 54079 | Slime:5  | Entered Level 5 of the Pits of Slime
 54299 | Slime:5  | Found a viscous altar of Jiyva.
 54469 | Slime:5  | Gained mutation: Your magical capacity is low. (-10% MP) [a
                  | shining eye]
 54681 | Slime:5  | Noticed the Royal Jelly
 54706 | Slime:5  | Killed the Royal Jelly
 54962 | Slime:5  | Identified the +4 hand axe "Izxin" {venom, rPois Int+2
                  | Dex+2}
 55038 | Slime:5  | Reached XP level 24. HP: 225/225 MP: 37/37
 55039 | Slime:5  | Reached XP level 25. HP: 232/232 MP: 37/37
 55076 | Slime:5  | Identified the ring "Pigir" {rC+ SInv}
 55088 | Slime:5  | Got a slimy rune of Zot
 55090 | Slime:5  | Identified the +1 great sword "No More Talking" {speed,
                  | *Noise rN+++ Str+4 Dex-3}
 55098 | Slime:5  | Identified the ring of Upureup {*Corrode rC+ rN+ Will+
                  | Int+4}
 55129 | Slime:5  | Identified the scarf of Brilliance {rC+ rF+, rPois Int+2}
 55236 | Slime:5  | Reached XP level 26. HP: 241/241 MP: 27/37
 55452 | D:10     | Lost mutation: Your magical capacity is low. (-10% MP)
                  | [potion of mutation]
 55452 | D:10     | Gained mutation: You are somewhat resistant to further
                  | mutation. [potion of mutation]
 55744 | Vaults:5 | Entered Level 5 of the Vaults
 56554 | Vaults:4 | Learned a level 9 spell: Fire Storm
 56622 | Vaults:5 | Identified the +2 leather armour "Gozir" {rC+ Stlth+}
 56693 | Vaults:5 | Got the Discourse on Ceraunoscopy and Signs
 56877 | Vaults:5 | Identified the +3 glaive of Sin {freeze, rN+ Str-2 Dex+2}
 57113 | Vaults:5 | Got a silver rune of Zot
 57203 | Vaults:5 | Identified the +7 short sword "Ogre's Peril" {vamp, Fly
                  | Dex+3}
 57205 | Vaults:5 | Noticed a dread lich
 57212 | Vaults:5 | Killed a dread lich
 57215 | Vaults:5 | Noticed an ancient lich
 57219 | Vaults:5 | Killed an ancient lich
 57606 | Vaults:5 | Identified the +8 arbalest of Hyqiemm {flame, Will+ Str+6}
 57691 | Vaults:5 | Identified the +4 robe of Poqoenk {Dex+3}
 57691 | Vaults:5 | Noticed Boris
 57698 | Vaults:5 | Killed Boris
 57838 | Vaults:5 | Identified the +2 storm dragon scales "Ovoely" {rElec Dex+5
                  | SInv}
 58426 | Vaults:2 | Killed NotYourErnst's ghost
 58562 | Depths:1 | Entered Level 1 of the Depths
 58729 | Depths:1 | Found a radiant altar of Vehumet.
 58749 | Depths:1 | Found a glowing golden altar of the Shining One.
 59086 | Depths:1 | Found Qeentow's Distillery.
 59575 | Depths:2 | Found a one-way gate to the infinite horrors of the Abyss.
 59699 | Depths:2 | Reached XP level 27. HP: 248/248 MP: 32/43
 59733 | Depths:2 | Got the Catalogue of the Fifth Circle
 59793 | Depths:2 | Found a one-way gate leading to the halls of Pandemonium.
 59877 | Depths:2 | Found a one-way gateway to a ziggurat.
 59877 | Depths:2 | Noticed a dread lich
 59878 | Depths:2 | Noticed an ancient lich
 60461 | Depths:2 | Killed an ancient lich
 60467 | Depths:2 | Killed a dread lich
 60692 | Depths:2 | Noticed an ancient lich
 60706 | Depths:2 | Killed an ancient lich
 60977 | Depths:2 | Identified the +9 war axe "Orb Guardian's Curse" {spect,
                  | ^Fragile +Blink rN+ Str+3}
 61061 | Depths:2 | Found a radiant altar of Vehumet.
 62064 | Depths:3 | Noticed a juggernaut
 62069 | Depths:3 | Killed a juggernaut
 62530 | Depths:3 | Identified the +3 cloak of Jocular Beauty {rPois}
 63029 | Depths:3 | Found a shimmering blue altar of Sif Muna.
 63089 | Depths:4 | Entered Level 4 of the Depths
 63683 | Depths:4 | Identified the orb of Gozag's Inspiration {light, Int+2
                  | Dex+4 Air}
 63683 | Depths:4 | Noticed Frederick
 63689 | Depths:4 | Killed Frederick
 63800 | Depths:4 | Found a gate to the Realm of Zot.
 64263 | Depths:4 | Noticed a juggernaut
 64269 | Depths:4 | Killed a juggernaut
 64725 | Hell     | Entered the Vestibule of Hell
 64725 | Hell     | Noticed Geryon
 64805 | Hell     | Noticed Murray
 64807 | Hell     | Killed Geryon
 66135 | Depths:4 | Killed Murray
 66497 | Hell     | Found a gateway to the ashen valley of Gehenna.
 66555 | Hell     | Found a gateway to the decaying netherworld of Tartarus.
 66659 | Hell     | Found a gateway to the freezing wastes of Cocytus.
 66739 | Hell     | Found a gateway to the Iron City of Dis.
 67287 | Crypt:1  | Entered Level 1 of the Crypt
 67502 | Crypt:1  | Found a huge runed translucent gate.
 67502 | Crypt:1  | Found a huge runed translucent gate.
 67502 | Crypt:1  | Found a huge runed translucent gate.
 67502 | Crypt:1  | Found a huge runed translucent gate.
 67502 | Crypt:1  | Found a huge runed translucent gate.
 67502 | Crypt:1  | Found a huge runed translucent gate.
 67502 | Crypt:1  | Found a huge runed translucent gate.
 67502 | Crypt:1  | Found a huge runed translucent gate.
 67502 | Crypt:1  | Found a huge runed translucent gate.
 67502 | Crypt:1  | Found a huge runed translucent gate.
 67503 | Crypt:1  | Found a huge runed translucent gate.
 67503 | Crypt:1  | Found a huge runed translucent gate.
 67543 | Crypt:1  | Acquired 620 gold pieces
 67600 | Crypt:1  | Found a huge runed translucent gate.
 67600 | Crypt:1  | Found a huge runed translucent gate.
 67600 | Crypt:1  | Found a huge runed translucent gate.
 67600 | Crypt:1  | Found a huge runed translucent gate.
 67600 | Crypt:1  | Found a huge runed translucent gate.
 67601 | Crypt:1  | Found a huge runed translucent gate.
 67611 | Crypt:1  | Found a huge runed translucent gate.
 67615 | Crypt:1  | Found a huge runed translucent gate.
 67615 | Crypt:1  | Found a huge runed translucent gate.
 67615 | Crypt:1  | Found a huge runed translucent gate.
 67615 | Crypt:1  | Found a huge runed translucent gate.
 67617 | Crypt:1  | Found a huge runed translucent gate.
 67830 | Crypt:1  | Found a huge runed translucent gate.
 67830 | Crypt:1  | Found a huge runed translucent gate.
 67837 | Crypt:1  | Found a huge runed translucent gate.
 67837 | Crypt:1  | Found a huge runed translucent gate.
 67837 | Crypt:1  | Found a huge runed translucent gate.
 67837 | Crypt:1  | Found a huge runed translucent gate.
 67837 | Crypt:1  | Found a huge runed translucent gate.
 67837 | Crypt:1  | Found a huge runed translucent gate.
 67837 | Crypt:1  | Found a huge runed translucent gate.
 67841 | Crypt:1  | Found a huge runed translucent gate.
 67842 | Crypt:1  | Found a huge runed translucent gate.
 67843 | Crypt:1  | Found a huge runed translucent gate.
 69179 | Crypt:3  | Entered Level 3 of the Crypt
 69529 | Crypt:3  | Learned a level 9 spell: Polar Vortex
 69901 | Crypt:3  | Found a staircase to the Tomb.
 71058 | Crypt:3  | Identified the ring of Plog {rN++ Str+4 Int+6}
 71058 | Crypt:3  | Identified the ring "Seed" {Wiz rF+ rN++ Will- rCorr Str+3}
 71208 | Crypt:3  | Got the Cyclopedia of Shades
 71461 | Crypt:3  | Found the ring of Shadows {Umbra +Inv Stlth+}
 71473 | Crypt:3  | Got the Verses on Breath and Mustering
 71491 | Crypt:3  | Identified the +5 hand axe of the Elven Halls {pain, Will+
                  | Stlth+}
 71781 | Crypt:1  | Identified the +0 pair of gloves of Greater Demons {-Tele
                  | Rampage rN+ Stlth+}
 72242 | D:14     | You paid a toll of +3 shadow dragon scales to enter a
                  | treasure trove
 72243 | Trove    | Entered a treasure trove
 72254 | Trove    | Got Sif Muna's Almanac of Mischance and the Pyromaniac
 72264 | Trove    | Got Sif Muna's Discourse on the Inferno and Arcane Weapons
 72530 | Zot:1    | Entered Level 1 of the Realm of Zot
 73685 | Zot:1    | Noticed Vv
 74194 | Zot:1    | Killed Vv
 75262 | Zot:2    | Noticed Grunn
 75265 | Zot:2    | Killed Grunn
 75584 | Zot:2    | Reached skill level 1 in Maces & Flails
 76072 | Zot:2    | Reached skill level 5 in Maces & Flails
 76414 | Zot:3    | Noticed an orb of fire
 76524 | Zot:2    | Killed an orb of fire
 77643 | Zot:4    | Identified the +2 trident of Foolhardiness {heavy, Fly
                  | Str+2}
 77650 | Zot:4    | Identified the +12 great sword of Utishrid {heavy, *Slow
                  | rElec rN++ Stlth+}
 77657 | Zot:4    | Reached skill level 10 in Maces & Flails
 78858 | Zot:5    | Entered Level 5 of the Realm of Zot
 79684 | Orc:2    | Bought a potion of curing for 39 gold pieces
 79684 | Orc:2    | Bought a potion of haste for 130 gold pieces
 79684 | Orc:2    | Bought a potion of heal wounds for 65 gold pieces
 79686 | Orc:2    | Bought a potion of curing for 48 gold pieces
 79686 | Orc:2    | Bought a potion of heal wounds for 80 gold pieces
 79686 | Orc:2    | Bought a potion of magic for 128 gold pieces
 79686 | Orc:2    | Bought a potion of haste for 160 gold pieces
 79686 | Orc:2    | Bought a potion of heal wounds for 80 gold pieces
 79686 | Orc:2    | Bought a potion of mutation for 128 gold pieces
 79686 | Orc:2    | Bought 2 potions of heal wounds for 160 gold pieces
 79686 | Orc:2    | Bought a potion of brilliance for 64 gold pieces
 79867 | Depths:1 | Bought a potion of curing for 51 gold pieces
 79867 | Depths:1 | Bought a potion of cancellation for 136 gold pieces
 79867 | Depths:1 | Bought a potion of mutation for 136 gold pieces
 79867 | Depths:1 | Bought a potion of resistance for 170 gold pieces
 79867 | Depths:1 | Bought a potion of haste for 170 gold pieces
 79867 | Depths:1 | Bought a potion of brilliance for 68 gold pieces
 79867 | Depths:1 | Bought a potion of brilliance for 68 gold pieces
 80118 | D:5      | Bought a potion of resistance for 120 gold pieces
 80118 | D:5      | Bought a potion of haste for 120 gold pieces
 80118 | D:5      | Bought a potion of mutation for 96 gold pieces
 80118 | D:5      | Bought a potion of heal wounds for 60 gold pieces
 80720 | Zot:5    | Noticed ArchonOfCruelty's ghost (master DrCA)
 80729 | Zot:5    | Identified the +6 spear of Upheaval {freeze, rElec Will-
                  | Int+6 Stlth+}
 80731 | Zot:5    | Found the +7 sceptre of Torment {pain, torment}
 80759 | Zot:5    | Found a transporter.
 80806 | Zot:5    | Found a transporter.
 81365 | Zot:5    | Noticed an orb of fire
 81366 | Zot:5    | Noticed a dread lich
 81895 | Zot:5    | Noticed an orb of fire
 81927 | Zot:5    | Noticed an orb of fire
 81937 | Zot:5    | Killed an orb of fire
 81976 | Zot:5    | Noticed an orb of fire
 81977 | Zot:5    | Gained mutation: You occasionally lose the ability to drink
                  | potions when taking damage. [an orb of fire]
 81983 | Zot:5    | Killed an orb of fire
 82266 | Zot:5    | Lost mutation: You are somewhat resistant to further
                  | mutation. [potion of mutation]
 82266 | Zot:5    | Lost mutation: You occasionally lose the ability to drink
                  | potions when taking damage. [potion of mutation]
 82266 | Zot:5    | Gained mutation: You passively map a small area around you.
                  | [potion of mutation]
 82266 | Zot:5    | Gained mutation: You are partially covered in iridescent
                  | scales. (AC +2) [potion of mutation]
 82266 | Zot:5    | Gained mutation: Your spells are a little harder to cast,
                  | but a little more powerful. [potion of mutation]
 82266 | Zot:5    | Gained mutation: Your spells are harder to cast, but more
                  | powerful. [potion of mutation]
 82289 | Zot:5    | Noticed an orb of fire
 82297 | Zot:5    | Gained mutation: Your magical capacity is low. (-10% MP)
                  | [an orb of fire]
 82297 | Zot:5    | Killed an orb of fire
 82416 | Zot:5    | Gained mutation: You are frail. (-10% HP) [an orb of fire]
 82418 | Zot:5    | Gained mutation: You are dopey. (Int -2) [an orb of fire]
 82418 | Zot:5    | Gained mutation: You occasionally shout uncontrollably at
                  | your foes. [an orb of fire]
 82420 | Zot:5    | Gained mutation: You are weak. (Str -2) [an orb of fire]
 82428 | Zot:5    | Killed an orb of fire
 82535 | Zot:5    | Reached skill level 15 in Stealth
 82633 | Zot:5    | Noticed an orb of fire
 82640 | Zot:5    | Gained mutation: Your flesh is heat resistant. (rF+) [an
                  | orb of fire]
 82642 | Zot:5    | Killed an orb of fire
 82643 | Zot:5    | Noticed an orb of fire
 82652 | Zot:5    | Killed an orb of fire
 82687 | Zot:5    | Noticed an orb of fire
 82734 | Zot:5    | Killed an orb of fire
 82964 | Zot:5    | Killed a dread lich
 82988 | Zot:5    | Noticed an orb of fire
 82990 | Zot:5    | Gained mutation: You do not regenerate when monsters are
                  | visible. [an orb of fire]
 82996 | Zot:5    | Killed an orb of fire
 82998 | Zot:5    | Noticed an ancient lich
 83000 | Zot:5    | Killed an ancient lich
 83056 | Zot:5    | Identified the +0 chain mail "Puakhlu" {rElec Stlth+}
 83177 | Zot:5    | Lost mutation: Your flesh is heat resistant. (rF+) [potion
                  | of mutation]
 83177 | Zot:5    | Lost mutation: Your spells are harder to cast, but more
                  | powerful. [potion of mutation]
 83177 | Zot:5    | Lost mutation: You are weak. (Str -2) [potion of mutation]
 83177 | Zot:5    | Gained mutation: You expend magic power (3 MP) to
                  | strengthen your wands. [potion of mutation]
 83178 | Zot:5    | Lost mutation: You are dopey. (Int -2) [potion of mutation]
 83178 | Zot:5    | Lost mutation: You do not regenerate when monsters are
                  | visible. [potion of mutation]
 83178 | Zot:5    | Lost mutation: Your magical capacity is low. (-10% MP)
                  | [potion of mutation]
 83178 | Zot:5    | Lost mutation: Your spells are a little harder to cast, but
                  | a little more powerful. [potion of mutation]
 83178 | Zot:5    | Gained mutation: You can exhale a cloud of poison. [potion
                  | of mutation]
 83178 | Zot:5    | Gained mutation: You are mostly covered in iridescent
                  | scales. (AC +4) [potion of mutation]
 83185 | Zot:5    | Got the Orb of Zot
 83327 | Depths:3 | Noticed Gunoreleka the pandemonium lord
 83345 | Depths:2 | Noticed Idetecw the pandemonium lord
 83730 | D:1      | Noticed Punuetz the pandemonium lord
 83760 | D:$      | Escaped with the Orb!

Illustrated notes

Levels and vault maps discovered:
D:1:      amcnicky_arrival_double_pillar, layout_basic, minmay_misc_feat_x
D:2:      layout_rooms, serial_shops, nicolae_shop_bloodbath_and_beyond
D:3:      layout_loops_corners, shapermc_ecumenical_altar_starsandcircs
D:4:      layout_gridville, mainiacjoe_overflow_tiny_flanked, serial_shops,
          kennysheep_mini_moat, minmay_misc_feat_pillars
D:5:      minmay_razor_zed, layout_cave_pods,
          gammafunk_temple_overflow_elements, serial_shops,
          nicolae_shop_industrial_runoff, lightli_sewer_entry_pipes,
          serial_glass, glass_columns_b, glass_columns_a, nicolae_tricolors
D:6:      layout_loops_ring, lemuel_doored_altar
D:7:      layout_basic, minmay_temple_entry_hall, enter_ossuary_4,
          chequers_jeans
D:8:      layout_basic, general_overflow_altar, grunt_dithmenos_smoke,
          elyvilon_altar_3, grunt_gozag_statues
D:9:      layout_roguey, roderic_batcave
D:10:     layout_loops_ring, nemelex_spade_bored_becter, lair_entry_dummy,
          enter_bailey_5, uniq_maurice
D:11:     layout_basic, hiddenorc1_lemuel, serial_co_window_serial,
          co_window_paths_b, co_window_corner_a, co_window_corner_a,
          co_window_paths_b, co_window_of_opportunity_a,
          co_window_unsneaky_path_c, co_window_corner_cb, co_window_2corner,
          co_window_corner_b, co_window_cross_2, co_window_paths_c,
          co_window_paths_d, glass_columns_c, glass_columns_b, glass_columns_a,
          glass_columns_c
D:12:     layout_basic
D:13:     layout_cave_pools, serial_bayou_lake_a
D:14:     layout_stronghold, david_vaults_1, ashenzari_altar_1,
          ebering_ghost_funeral_grove, enter_trove_2, minmay_liquid_box,
          uniq_agnes, uniq_josephine
D:15:     grunt_enter_depths_magical_seal, layout_stronghold, serial_shops,
          shop, hangedman_decor_diamond_cutter, chequers_garden, grunt_potential
Temple:   nicolae_temple_figure_eight
Lair:1:   gammafunk_boulding_lane, layout_regular_city,
          grunt_forest_large_clearings, serial_bayou_shore_a,
          grunt_megastairs_3, uniq_amaemon
Lair:2:   layout_hall_layers, skrybe_swamp_entry_bodies,
          nicolae_volcano_entry_batcave, grunt_megastairs_2
Lair:3:   layout_gridlike, spider_nest_entry_funnel_web, uniq_sonja
Lair:4:   layout_roguey, minivault_26, infiniplex_staircase_pool
Lair:5:   evil_forest, layout_cave_pods, slime_entry_1
Swamp:1:  layout_falls_marsh, evilmike_swamp_ruin_rubble_2, swamp_pool_1_2
Swamp:2:  layout_basic_swamp, evilmike_swamp_ruin_house_2, swamp_pool_4,
          uniq_jorgrun
Swamp:3:  layout_basic_swamp, portal_ice_cave_entry_ugly_swarm,
          evilmike_swamp_ruin_house_4, nicolae_swamp_decorative_isthmus
Swamp:4:  swamp_alternative, layout_basic_swamp, swamp_pool_5,
          nicolae_swamp_trees_clearing, hangedman_swamp_blocks
Spider:1: layout_chambers, uniq_nikola
Spider:2: layout_spider_delve, nicolae_spider_altar_of_dancing
Spider:3: nicolae_spider_broodchamber
Spider:4: hellmonk_spider_rune_bug_friends
Slime:1:  layout_caves
Slime:2:  layout_caves
Slime:3:  layout_caves
Slime:4:  layout_caves
Slime:5:  slime_pit_nicolae_amoeboid
Orc:1:    layout_caves, basic_altar, minmay_orc_temple_a
Orc:2:    grunt_orc_tribal_feast, layout_diamond_mine, serial_shops,
          nicolae_shop_gibbet_a_chance, uniq_snorg, uniq_azrael
Elf:1:    minmay_the_grid_triangle_9x9_line_8_mashed
          [minmay_the_grid_triangle_9x9_corruption,
          minmay_the_grid_triangle_9x9_minimal,
          minmay_the_grid_triangle_9x9_sparse_checkered,
          minmay_the_grid_triangle_9x9_stretched_checkered,
          minmay_the_grid_triangle_9x9_zippers_vertical,
          minmay_the_grid_triangle_9x9_subtriangle,
          minmay_the_grid_triangle_9x9_negative_grid,
          minmay_the_grid_triangle_9x9_prize_special], layout_geoelf_grid,
          basic_altar, serial_shops, shop, nicolae_elf_shapeshifter_party,
          minmay_elf_sorcery, uniq_donald
Elf:2:    nicolae_elf_blades_crystal_corner, layout_geoelf_octagon,
          serial_sigils_hangedman_scratch, uniq_norris
Elf:3:    minmay_elf_hall_hex, layout_loops_cross
Vaults:1: mu_enter_wizlab_1, vaults_room_octagon, hangedman_vaults_trim,
          nicolae_vaults_meiosis, nicolae_vaults_angled_halls,
          nicolae_vaults_twisting_passages, nicolae_vaults_sesquioval_fish,
          vaults_room_grunt_arrival_ludios, nicolae_vaults_yaktaur_gun_rack,
          vaults_room_door_ring, layout_vaults_omnigrid, serial_shops,
          uniq_asterion
Vaults:2: ebering_ghost_reflecting_pool, hangedman_vaults_variations,
          hangedman_vaults_stitches, nicolae_vaults_heist, v_misc_26,
          grunt_vaults_focal, nicolae_vaults_tangram_1,
          nicolae_vaults_storage_room_doors, ontoclasm_vaults_gateway,
          layout_vaults_ring, uniq_sojobo, uniq_saint_roka
Vaults:3: portal_desolation_entry_nicolae_nacl, v_misc_29,
          nicolae_vaults_house_1, minmay_crypt_entry_skeletal_spiral, v_misc_29,
          nicolae_vaults_taking_the_gang_shopping, st_greater_box_1,
          nicolae_vaults_double_plus_3, nicolae_vaults_house_2,
          layout_vaults_omnibox
Vaults:4: nicolae_vaults_diamond_2, ontoclasm_vaults_claustrophobia,
          nicolae_vaults_oval_intersection, grunt_vaults_funnel,
          ontoclasm_vaults_ligature, v_misc_11,
          nicolae_vaults_closet_pinwheel_1, nicolae_vaults_network_periphery,
          nicolae_vaults_more_shelving_1, nicolae_vaults_theta,
          nicolae_vaults_security_offices_3, layout_vaults_omnicross
Vaults:5: uniq_boris
Crypt:1:  layout_misc_corridors, door_vault
Crypt:2:  dreamdust_cat_pyramid, layout_misc_corridors
Crypt:3:  due_elkab, layout_chaotic_city, nicolae_tomb_entry_grand_gallery
Depths:1: layout_forbidden_donut, vehumet_crystals, grunt_metal_band,
          serial_shops, shop, kennysheep_doodads, tso_oasis_becter,
          grunt_megastairs_5, firewood_loft
Depths:2: evilmike_halls_of_destruction, layout_cave_pools, enter_ziggurat_d,
          hell_entry, rand_demon_pan_entry_7, hangedman_abyss_entry_splay,
          infiniplex_staircase_zigzag_2
Depths:3: nicolae_fronds_of_death, layout_basic,
          nicolae_abyss_entry_one_way_or_another, led_sif_pool,
          pf_dread_powers_of_hell, infiniplex_staircase_spiral
Depths:4: evilmike_zot_entry_argh, layout_basic, hell_entry,
          abyss_entry_small_statue_room, hangedman_glass_teeth, uniq_frederick
Hell
Zot:1:    grunt_twist_and_shout, layout_cathedral_of_symmetry, uniq_vv
Zot:2:    layout_onion, uniq_grunn
Zot:3:    layout_onion_interference, nicolae_zig_zag_zippers
Zot:4:    layout_misc_corridors, st_single_dragon_hoard_2, grunt_megastairs_4
Zot:5:    layout_gridlike, gammafunk_ghost_arena, st_stairs_4

Skill      XL: |  1  2  3  4  5  6  7  8  9 10 11 12 13 14 15 16 17 18 19 20 21 22 23 24 25 26 27 |
---------------+----------------------------------------------------------------------------------+-----
Alchemy        | 4 5 |  5.0
Stealth        | 5 10 17 | 17.9
Spellcasting   | 3 4 5 6 7 8 9 10 11 13 15 16 18 | 18.0
Fighting       | 1 3 4 6 7 8 10 12 14 15 19 | 19.1
Translocations | 3 4 |  4.0
Ice Magic      | 2 4 5 11 15 22 | 22.0
Air Magic      | 2 4 6 |  6.0
Conjurations   | 2 4 5 9 10 12 15 17 19 20 21 22 | 22.0
Fire Magic     | 5 8 11 12 15 17 18 19 20 21 22 | 22.0
Dodging        | 5 8 10 11 | 11.6
Armour         | 2 6 8 10 13 | 13.0
Earth Magic    | 6 |  6.0
Summonings     | 7 8 |  8.0
Maces & Flails | 12 | 12.0

Action                     |  1- 3 |  4- 6 |  7- 9 | 10-12 | 13-15 | 16-18 | 19-21 | 22-24 | 25-27 || total
---------------------------+-------+-------+-------+-------+-------+-------+-------+-------+-------++-------
  Melee: Unarmed           |    14 |       |       |       |       |       |       |       |       ||    14
         Dagger            |       |    23 |    12 |       |       |       |       |       |       ||    35
         Long sword        |       |       |    36 |    85 |   165 |    54 |       |       |       ||   340
         Constrict         |       |       |       |       |    52 |    29 |     7 |     2 |    20 ||   110
         Staff             |       |       |       |       |       |    36 |    18 |    12 |    36 ||   102
         Demon whip        |       |       |       |       |       |       |       |       |    52 ||    52
         Great sword       |       |       |       |       |       |       |       |       |    48 ||    48
   Cast: Sting             |    42 |    80 |   148 |   108 |    28 |       |       |       |       ||   406
         Olgreb's Toxic Ra |       |       |    32 |    83 |   108 |    20 |       |       |       ||   243
         Freezing Cloud    |       |       |       |    18 |   102 |    30 |    22 |     3 |     1 ||   176
         Irradiate         |       |       |       |     7 |    11 |    16 |     1 |       |       ||    35
         Blink             |       |       |       |     2 |       |     1 |       |     1 |     1 ||     5
         Fireball          |       |       |       |       |   217 |    96 |       |       |     3 ||   316
         Ozocubu's Refrige |       |       |       |       |       |   348 |   515 |   365 |   738 ||  1966
         Plasma Beam       |       |       |       |       |       |     3 |    23 |     2 |    10 ||    38
         Bombard           |       |       |       |       |       |       |    47 |    93 |   373 ||   513
         Ignition          |       |       |       |       |       |       |     5 |    21 |    51 ||    77
         Spellforged Servi |       |       |       |       |       |       |       |     2 |    38 ||    40
         Fire Storm        |       |       |       |       |       |       |       |       |   204 ||   204
         Polar Vortex      |       |       |       |       |       |       |       |       |     7 ||     7
Ability: Spit Poison       |    25 |    32 |    29 |    28 |    18 |     9 |     2 |     1 |       ||   144
  Evoke: Wand              |       |       |    12 |    28 |     2 |       |     1 |       |     5 ||    48
         Condenser vane    |       |       |       |       |     1 |       |       |       |     1 ||     2
         Lightning rod     |       |       |       |       |       |     2 |       |     1 |     1 ||     4
    Use: Scroll            |       |       |     5 |       |     3 |    17 |     7 |     6 |    33 ||    71
         Potion            |       |       |       |       |       |       |       |     4 |    39 ||    43
   Stab: Distracted        |       |       |       |     1 |       |       |       |     1 |     1 ||     3
         Paralysed         |       |       |       |     5 |       |       |       |       |       ||     5
         Sleeping          |       |       |       |     1 |       |       |       |       |       ||     1
 Armour: Robe              |    19 |       |       |       |       |       |       |       |   466 ||   485
         Leather armour    |    21 |    69 |   146 |   242 |   244 |   298 |   153 |   157 |   449 ||  1779
  Dodge: Dodged            |    17 |    21 |    64 |   209 |   234 |   165 |    62 |    44 |   312 ||  1128
         Repelled          |       |       |       |       |    14 |    15 |    41 |    20 |    47 ||   137

Table legend: (Time is in decaauts)
 A = Elapsed time spent in this place.
 B = Non-inter-level travel time spent in this place.
 C = Inter-level travel time spent in this place.
 D = Time resting spent in this place.
 E = Time spent auto-exploring this place.
 F = Levels seen in this place.
 G = Mean time per level.
                   A        B        C        D        E       F      G
               +--------+--------+--------+--------+--------+-----+--------+
         Total | 101056 |  87363 |  13693 |  12141 |  64356 |  61 | 1656.7 |
       Dungeon |  27968 |  22793 |   5175 |   2167 |  18080 |  15 | 1864.5 |
        Temple |     35 |      1 |     34 |      0 |      0 |   1 |   35.0 |
          Lair |  10618 |   9142 |   1476 |   1825 |   6396 |   5 | 2123.6 |
         Swamp |   4585 |   4082 |    503 |    156 |   3399 |   4 | 1146.2 |
   Spider Nest |   4719 |   4371 |    348 |     95 |   3797 |   4 | 1179.8 |
    Slime Pits |   5004 |   4415 |    589 |    647 |   3236 |   5 | 1000.8 |
  Orcish Mines |   2503 |   2070 |    433 |    145 |   1566 |   2 | 1251.5 |
   Elven Halls |   5431 |   5089 |    342 |    439 |   3915 |   3 | 1810.3 |
        Vaults |  12878 |  11164 |   1714 |   1099 |   8564 |   5 | 2575.6 |
         Crypt |   5192 |   4909 |    283 |    403 |   3793 |   3 | 1730.7 |
        Depths |   9708 |   7757 |   1951 |   1141 |   5615 |   4 | 2427.0 |
          Hell |    740 |    702 |     38 |      0 |    571 |   1 |  740.0 |
           Zot |  10253 |   9450 |    803 |   3442 |   4828 |   5 | 2050.6 |
         Trove |     90 |     90 |      0 |      0 |     75 |   1 |   90.0 |
         Sewer |    401 |    401 |      0 |      0 |    325 |   1 |  401.0 |
        Bailey |    434 |    434 |      0 |    179 |    159 |   1 |  434.0 |
      Ice Cave |    490 |    490 |      0 |    402 |     31 |   1 |  490.0 |
               +--------+--------+--------+--------+--------+-----+--------+

Top non-repeatable levels by time:
   Zot:5: 3487 daAuts
    D:15: 3294 daAuts
    D:14: 2950 daAuts
Vaults:4: 2934 daAuts
Vaults:3: 2909 daAuts
   Zot:1: 2828 daAuts
    D:11: 2796 daAuts
  Lair:1: 2768 daAuts
Depths:4: 2712 daAuts
 Crypt:3: 2684 daAuts
  Lair:5: 2683 daAuts
     D:5: 2593 daAuts
Depths:3: 2588 daAuts
Depths:2: 2502 daAuts
Vaults:1: 2399 daAuts
